 Dungeon Crawl Stone Soup version 0.29.0-4-gdea44cf6ec (webtiles) character file.

Game seed: 10672566862643894226

177 qw the Chopper (level 5, -5/30 HPs)
             Began as a Tengu Warper on Aug 28, 2022.
             Slain by a water moccasin (7 damage)
             ... in a sewer.
             The game lasted 00:00:17 (3742 turns).

qw the Chopper (Tengu Warper)                       Turns: 3742, Time: 00:00:18

Health: -5/30      AC:  8    Str: 14    XL:     5   Next: 57%
Magic:  9/9        EV:  7    Int: 13    God:
Gold:   147        SH:  0    Dex: 13    Spells: 8/8 levels left

rFire   . . .      SeeInvis .   Y - +0 war axe
rCold   . . .      Faith    .   (no shield)
rNeg    . . .      Spirit   .   b - +0 chain mail
rPois   .          Reflect  .   (helmet restricted)
rElec   .          Harm     .   (no cloak)
rCorr   .          Rampage  .   (no gloves)
Will    .....                   (boots unavailable)
Stlth   ..........              (no amulet)
HPRegen 0.10/turn               (no ring)
MPRegen 0.11/turn               (no ring)

@: lethally poisoned (-5 -> -6), flying quickly and evasively, quick
A: beak, talons 3, nimble flight
a: no special abilities


You were in a sewer.
You visited 1 branch of the dungeon, and saw 3 of its levels.
You also visited: Sewer.

You collected 189 gold pieces.
You spent 42 gold pieces at shops.


Innate Abilities, Weirdness & Mutations

You have a beak for a mouth.
You have claws for feet.
Your magical nature lets you fly swiftly and evasively.


   Skills:
 - Level 2.0 Fighting
 - Level 6.1 Axes
 - Level 1.0 Throwing
 + Level 1.2 Armour
 - Level 2.1 Dodging
 - Level 2.0 Spellcasting
 - Level 2.4 Translocations


You had 8 spell levels left.
You didn't know any spells.
Your spell library contained the following spells:

 Spells                   Type           Power      Damage    Failure   Level
 Blink                    Tloc           14%        N/A       99%         2
 Gell's Gravitas          Tloc           7%         N/A       100%        3
 Lesser Beckoning         Tloc           7%         N/A       100%        3
 Teleport Other           Tloc           7%         N/A       100%        3
 Manifold Assault         Tloc           7%         N/A       100%        5

Inventory:

Hand Weapons
 f - a +0 flail
 Y - a +0 war axe (weapon)
Armour
 b - a +0 chain mail (worn)
Scrolls
 a - a scroll of identify
Potions
 c - 2 potions of curing
 d - a potion of magic {unknown}
 e - 2 potions of cancellation
 g - a potion of might {unknown}
 h - a potion of degeneration {unknown}

Dungeon Overview and Level Annotations

Branches:
Dungeon (3/15)              Sewer (1/1)

Altars:
The Shining One

Shops:
D:2 !

Annotations:
D:3 3 runed translucent doors, qw's ghost, amateur TeWr


Message History

The jackal barely misses you.
You slash the jackal!
You kill the jackal!
You start resting.
HP restored.
A water moccasin comes into view.
Found a scroll of identify and a smoky golden potion.
The water moccasin hisses angrily.
You hit the water moccasin. Your kick misses the water moccasin.
Your peck misses the water moccasin.
The water moccasin is lightly wounded.
The water moccasin bites you.
You are poisoned.
The water moccasin poisons you!
The water moccasin bites you but does no damage.
You miss the water moccasin.
The water moccasin is lightly wounded.
You feel very sick. The water moccasin bites you.
The water moccasin closely misses you.
You barely miss the water moccasin. You claw the water moccasin.
Your peck misses the water moccasin.
The water moccasin is moderately wounded.
You feel sick. The water moccasin closely misses you.
You hit the water moccasin. Your kick misses the water moccasin.
The water moccasin is moderately wounded.
You feel sick.
The water moccasin bites you but does no damage. x2
You hit the water moccasin. Your kick misses the water moccasin.
The water moccasin is heavily wounded.
You feel sick. The water moccasin bites you.
You hit the water moccasin but do no damage.
Your kick misses the water moccasin.
The water moccasin is heavily wounded.
You feel sick. The water moccasin barely misses you.
The water moccasin bites you!
You slash the water moccasin!
The water moccasin is almost dead.
You feel sick. The water moccasin closely misses you.
The water moccasin bites you!
You die...

#..~#~~.#
#~~###~~##
#..~ #...#
#~~# ##.~#
#.. #..#
#. #..#
##~.#
#.~.#
#~@##
#~.S#
.~...##
#...~.#
##~..##
#~.~ .#~#
!?#.


You could see a water moccasin.

Vanquished Creatures
  A hound (D:2)
  An orc priest (D:3)
  Terence (D:3)
  3 adders (D:2)
  A worm (D:2)
  A dart slug (D:3)
  2 orcs (D:3)
  4 endoplasms
  4 giant cockroaches
  5 goblins
  4 hobgoblins
  5 jackals
  4 kobolds
  4 quokkas
  2 ball pythons
  3 bats
  2 frilled lizards (D:3)
  2 rats (D:2)
49 creatures vanquished.

Vanquished Creatures (others)
  2 plants (D:2)
2 creatures vanquished.

Grand Total: 51 creatures vanquished

Notes
Turn   | Place    | Note
-------+----------+-------------------------------------------
     0 | D:1      | qw the Tengu Warper began the quest for the Orb.
     0 | D:1      | Reached XP level 1. HP: 12/12 MP: 4/4
     0 | D:1      | 0 ||| qw: Version: 0.1-a-89-g26bdef1
     0 | D:1      | 0 ||| qw: Game counter: 2868
     0 | D:1      | 0 ||| qw: Always use a shield: true
     0 | D:1      | 0 ||| qw: God list: Okawaru
     0 | D:1      | 0 ||| qw: Allow faded altars: false
     0 | D:1      | 0 ||| qw: Do Orc after D:15 true
     0 | D:1      | 0 ||| qw: Do second Lair branch before Depths: true
     0 | D:1      | 0 ||| qw: Lair rune preference: random
     0 | D:1      | 0 ||| qw: Plans: Normal
     0 | D:1      | 0 ||| PLANNING D:1-11
   265 | D:1      | Reached skill level 3 in Axes
   265 | D:1      | Reached XP level 2. HP: 9/17 MP: 6/6
   456 | D:1      | 456 ||| DROPPING +0 club.
   665 | D:1      | Found a faded altar of an unknown god.
  1007 | D:1      | 1007 ||| UPGRADING to +0 scale mail.
  1017 | D:1      | 1017 ||| DROPPING +0 leather armour.
  1018 | D:1      | 1018 ||| READING 2 scrolls labelled UNIZAVVYWA.
  1019 | D:1      | 1019 ||| READING scroll labelled UTAUC ZUGOEDIE.
  1020 | D:1      | 1020 ||| READING scroll labelled YNNICZA PYMA.
  1021 | D:1      | 1021 ||| DRINKING 2 fuming grey potions.
  1022 | D:1      | 1022 ||| DRINKING 2 metallic grey potions.
  1023 | D:1      | 1023 ||| DROPPING scroll of immolation.
  1024 | D:1      | 1024 ||| DROPPING scroll of blinking.
  1025 | D:1      | 1025 ||| DROPPING potion of attraction.
  1026 | D:1      | 1026 ||| DROPPING potion of invisibility.
  1114 | D:2      | 1114 ||| Stepping ~*~*~tactically~*~*~ (stealth).
  1115 | D:2      | 1115 ||| Stepping ~*~*~tactically~*~*~ (stealth).
  1125 | D:2      | Reached XP level 3. HP: 10/21 MP: 7/7
  1350 | D:2      | Found Xexzagrahuy's Distillery.
  1358 | D:2      | Reached skill level 4 in Axes
  1396 | D:2      | 1396 ||| BUYING potion of curing (42 gold).
  1396 | D:2      | Bought a potion of curing for 42 gold pieces
  1396 | D:2      | 1396 ||| SHOPLISTING potion of curing (42 gold, have 19).
  1396 | D:2      | 1396 ||| SHOPLISTING potion of haste (140 gold, have 19).
  1396 | D:2      | 1396 ||| SHOPLISTING potion of mutation (112 gold, have
                  | 19).
  2026 | D:2      | Reached XP level 4. HP: 15/26 MP: 8/8
  2325 | D:2      | 2325 ||| Stepping ~*~*~tactically~*~*~ (water).
  2335 | D:2      | HP: 6/26 [hound (4)]
  2338 | D:2      | HP: 1/26 [quokka (3)]
  2339 | D:2      | Reached skill level 5 in Axes
  2663 | D:2      | 2663 ||| READING scroll labelled XESIQY BEUKHLEOS.
  2664 | D:2      | 2664 ||| READING 2 scrolls labelled TAUVUM AGRAFEM.
  2665 | D:2      | 2665 ||| DRINKING 2 gluggy blue potions.
  2666 | D:2      | 2666 ||| READING 2 scrolls of identify.
  2666 | D:2      | 2666 ||| IDENTIFYING fizzy amethyst potion
  2667 | D:2      | 2667 ||| DROPPING potion of flight.
  2668 | D:2      | 2668 ||| DROPPING scroll of poison.
  2669 | D:2      | 2669 ||| Stepping randomly (stuck).
  2670 | D:2      | 2670 ||| Stepping ~*~*~tactically~*~*~ (cloud).
  2929 | D:3      | 2929 ||| PLANNING SEWER
  2932 | D:3      | 2932 ||| Stepping ~*~*~tactically~*~*~ (hiding).
  2934 | D:3      | 2934 ||| Stepping ~*~*~tactically~*~*~ (stealth).
  2938 | D:3      | Gained mutation: Your magical nature lets you fly swiftly
                  | and evasively. [Tengu growth]
  2938 | D:3      | Reached XP level 5. HP: 30/30 MP: 9/9
  2967 | D:3      | 2967 ||| Stepping ~*~*~tactically~*~*~ (stealth).
  2983 | D:3      | 2983 ||| DROPPING +0 whip.
  3112 | D:3      | Found a runed translucent gate.
  3112 | D:3      | Noticed qw's ghost (amateur TeWr)
  3113 | D:3      | Found a runed translucent gate.
  3114 | D:3      | Found a runed translucent gate.
  3149 | D:3      | 3149 ||| READING scroll of enchant weapon.
  3149 | D:3      | 3149 ||| ENCHANTING +1 hand axe.
  3210 | D:3      | Found a glowing golden altar of the Shining One.
  3211 | D:3      | 3211 ||| SWAPPING to +0 war axe.
  3212 | D:3      | 3212 ||| DROPPING +2 hand axe.
  3287 | D:3      | Noticed Terence
  3301 | D:3      | Killed Terence
  3302 | D:3      | Reached skill level 6 in Axes
  3573 | D:3      | Found a glowing drain.
  3574 | D:3      | 3574 ||| UPGRADING to +0 chain mail.
  3584 | D:3      | 3584 ||| DROPPING +0 scale mail.
  3585 | D:3      | 3585 ||| READING scroll labelled FUQIME PUSU.
  3644 | Sewer    | Entered a sewer
  3732 | Sewer    | Noticed a water moccasin
  3741 | Sewer    | HP: 2/30 [water moccasin (7)]
  3742 | Sewer    | Slain by a water moccasin

Levels and vault maps discovered:
D:1:      ncdulo_halloftheorcs, layout_basic, shapermc_ecumenical_altar_petra,
          minmay_misc_feat_columns, dreamdust_princess_corridor
D:2:      wad_lake_hut, layout_basic, serial_shops, nicolae_shop_crystal
D:3:      layout_basic, nicolae_overflow_hidden_temple,
          biasface_ghost_orc_armoury, portal_sewer_entry_e, uniq_terence
Sewer:    sewer_the_moccasin

Skill      XL: |  1  2  3  4  5 |
---------------+----------------+-----
Axes           | 3 4 5 6 |  6.1
Fighting       | |  2.0
Throwing       | |  1.0
Armour         | |  1.2
Dodging        | |  2.1
Spellcasting   | |  2.0
Translocations | |  2.4

Action                   |  1- 3 |  4- 6 || total
-------------------------+-------+-------++-------
Melee: Hand axe          |    70 |    51 ||   121
       Kick              |    18 |    19 ||    37
       Peck              |    10 |    11 ||    21
       War axe           |       |    26 ||    26
       Punch             |       |     1 ||     1
Throw: Boomerang         |     7 |       ||     7
  Use: Scroll            |     3 |     5 ||     8
       Potion            |     2 |     1 ||     3
Armor: Leather armour    |     2 |       ||     2
       Scale mail        |    21 |    19 ||    40
       Chain mail        |       |    10 ||    10
Dodge: Dodged            |    34 |    43 ||    77

Table legend:
 A = Non-vault XP
 B = Vault XP
 C = Vault XP percentage of total XP
 D = Non-vault monster count
 E = Vault monster count
 F = Vault count percentage of total count
                 A         B        C        D         E       F
            +---------+---------+-------+---------+---------+-------
      Total |     212 |      42 |  16.5 |      46 |       3 |   6.1
            +---------+---------+-------+---------+---------+-------
        D:1 |      15 |       0 |   0.0 |       8 |       0 |   0.0
        D:2 |     118 |       0 |   0.0 |      20 |       0 |   0.0
        D:3 |      79 |      38 |  32.5 |      18 |       1 |   5.3
      Sewer |       0 |       4 | 100.0 |       0 |       2 | 100.0
            +---------+---------+-------+---------+---------+-------
